TOP OF THE 1ST |
Boston Rebels batting - Pitching for Kansas City Kings : LHP Carlos Tavárez
|
Pitching: LHP Carlos Tavárez
|
|
Batting: RHB Randy Simons
|
0-0: Swinging Strike 0-1: Foul Ball, location: 2F 0-2: Ball 1-2: Ball 2-2: Foul Ball, location: 2F 2-2: Ball 3-2: Strikes out swinging
|
Batting: LHB Frank Jackson
|
0-0: Ball 1-0: Ball 2-0: Foul Ball, location: 2F 2-1: Foul Ball, location: 2F 2-2: Strikes out swinging
|
Batting: RHB Tony Long
|
0-0: Foul Ball, location: 2F 0-1: Ball 1-1: Ball 2-1: Foul Ball, location: 2F 2-2: DOUBLE (Flyball, 8LXD)
|
Batting: RHB Roberto Chávez
|
0-0: Called Strike 0-1: Foul Ball, location: 2F 0-2: Ball 1-2: Foul Ball, location: 2F 1-2: Foul Ball, location: 2F 1-2: Ball 2-2: Strikes out swinging
|
Top of the 1st over - 0 runs, 1 hit, 0 errors, 1 left on base; Boston 0 - Kansas City 0 |
BOTTOM OF THE 1ST |
Kansas City Kings batting - Pitching for Boston Rebels : LHP Frank Jackson
|
Pitching: LHP Frank Jackson
|
|
Batting: LHB Brian Easdale
|
0-0: Ground out U3 (Groundball, 34)
|
Batting: SHB Douglas Taylor
|
0-0: Ball 1-0: Called Strike 1-1: Called Strike 1-2: Ball 2-2: Fly out, F3 (Popup, 3SF)
|
Batting: RHB Dave Parker
|
0-0: Ball 1-0: Called Strike 1-1: Ball 2-1: Fly out, F9 (Flyball, 9S)
|
Bottom of the 1st over - 0 runs, 0 hits, 0 errors, 0 left on base; Boston 0 - Kansas City 0 |
TOP OF THE 2ND |
Boston Rebels batting - Pitching for Kansas City Kings : LHP Carlos Tavárez
|
Batting: LHB Ricardo Brandariz
|
0-0: Ball 1-0: Ball 2-0: Called Strike 2-1: Ground out 6-3 (Groundball, 6)
|
Batting: RHB Yaichiro Sugahara
|
0-0: Ball 1-0: Foul Ball, location: 2F 1-1: Ball 2-1: DOUBLE (Flyball, 8RXD)
|
Batting: SHB Ismael Sánchez
|
0-0: Called Strike 0-1: Foul Ball, location: 2F 0-2: Ball 1-2: Ball 2-2: Ball 3-2: Strikes out swinging
|
Batting: LHB Gabriel Aragón
|
0-0: Called Strike 0-1: Foul Ball, location: 2F 0-2: Ground out 4-3 (Groundball, 4)
|
Top of the 2nd over - 0 runs, 1 hit, 0 errors, 1 left on base; Boston 0 - Kansas City 0 |
BOTTOM OF THE 2ND |
Kansas City Kings batting - Pitching for Boston Rebels : LHP Frank Jackson
|
Batting: RHB Chris Chandler
|
0-0: Called Strike 0-1: Fly out, F6 (Line Drive, 6M)
|
Batting: RHB Toshimichi Kono
|
0-0: Foul Ball, location: 2F 0-1: Ball 1-1: Swinging Strike 1-2: Ball 2-2: Foul Ball, location: 2F 2-2: Ball 3-2: Fly out, F8 (Flyball, 8LXD)
|
Batting: RHB Eduardo García
|
0-0: Swinging Strike 0-1: Fly out, F7 (Flyball, 7S)
|
Bottom of the 2nd over - 0 runs, 0 hits, 0 errors, 0 left on base; Boston 0 - Kansas City 0 |
TOP OF THE 3RD |
Boston Rebels batting - Pitching for Kansas City Kings : LHP Carlos Tavárez
|
Batting: RHB David Rodríguez
|
0-0: Called Strike 0-1: Ground out 5-3 (Groundball, 56S)
|
Batting: RHB Randy Simons
|
0-0: Called Strike 0-1: Foul Ball, location: 2F 0-2: Foul Ball, location: 2F 0-2: Ball 1-2: Fly out, F9 (Flyball, 9S)
|
Batting: LHB Frank Jackson
|
0-0: Ball 1-0: Ball 2-0: Called Strike 2-1: SINGLE (Groundball, 6D)
|
Batting: RHB Tony Long
|
0-0: Called Strike 0-1: Ball 1-1: Ball 2-1: Ball 3-1: Foul Ball, location: 2F 3-2: Strikes out swinging
|
Top of the 3rd over - 0 runs, 1 hit, 0 errors, 1 left on base; Boston 0 - Kansas City 0 |
BOTTOM OF THE 3RD |
Kansas City Kings batting - Pitching for Boston Rebels : LHP Frank Jackson
|
Batting: RHB Gregg Nelson
|
0-0: SINGLE (Groundball, 56S) (infield hit)
|
Batting: LHB Ron Crawford
|
0-0: Called Strike 0-1: Ball 1-1: Ball 2-1: Swinging Strike 2-2: Strikes out looking
|
Batting: LHB Luis González
|
0-0: Ball 1-0: Ball 2-0: Ball 3-0: Called Strike 3-1: Foul Ball, location: 2F 3-2: Base on Balls Gregg Nelson to second
|
Batting: LHB Brian Easdale
|
0-0: Ball 1-0: Called Strike 1-1: Ball 2-1: Reached on error, E8 (Line Drive, 8LM) Gregg Nelson scores Luis González to third
|
Batting: SHB Douglas Taylor
|
0-0: Foul Ball, location: 2F 0-1: SINGLE (Groundball, 56D) Luis González scores Brian Easdale to third Runner from 3rd tries for Home, SAFE, no throw
|
Batting: RHB Dave Parker
|
0-0: Ball 1-0: Ball 2-0: Called Strike 2-1: Ball 3-1: Swinging Strike 3-2: SINGLE (Groundball, 56S) (infield hit) Douglas Taylor to second
|
Batting: RHB Chris Chandler
|
0-0: Ball 1-0: Ball 2-0: Called Strike 2-1: Foul Ball, location: 2F 2-2: Foul Ball, location: 2F 2-2: Foul Ball, location: 2F 2-2: Ball 3-2: Base on Balls Douglas Taylor to third Dave Parker to second
|
Batting: RHB Toshimichi Kono
|
0-0: Fly out, F9 (Flyball, 89D) Runner from 3rd tags up, SCORES, no throw
|
Batting: RHB Eduardo García
|
0-0: Foul Ball, location: 2F 0-1: Ground out U3 (Groundball, 3S)
|
Bottom of the 3rd over - 4 runs, 3 hits, 1 error, 2 left on base; Boston 0 - Kansas City 4 |
TOP OF THE 4TH |
Boston Rebels batting - Pitching for Kansas City Kings : LHP Carlos Tavárez
|
Batting: RHB Roberto Chávez
|
0-0: Ball 1-0: Foul Ball, location: 2F 1-1: Hit by Pitch
|
Batting: LHB Ricardo Brandariz
|
0-0: Called Strike Roberto Chávez steals 2nd base 0-1: Foul Ball, location: 2F 0-2: SINGLE (Flyball, 5D) Roberto Chávez to third Runner from 3rd tries for Home, SAFE, no throw
|
Batting: RHB Yaichiro Sugahara
|
0-0: Ball 1-0: Called Strike 1-1: Ball 2-1: Swinging Strike 2-2: Strikes out looking
|
Batting: SHB Ismael Sánchez
|
0-0: Called Strike 0-1: Ball 1-1: Ball 2-1: Grounds into double play, 5-4-3 (Groundball, 5)
|
Top of the 4th over - 1 run, 1 hit, 0 errors, 0 left on base; Boston 1 - Kansas City 4 |
BOTTOM OF THE 4TH |
Kansas City Kings batting - Pitching for Boston Rebels : LHP Frank Jackson
|
Batting: RHB Gregg Nelson
|
0-0: Ground out 4-3 (Groundball, 4S)
|
Batting: LHB Ron Crawford
|
0-0: Ground out 4-3 (Groundball, 4S)
|
Batting: LHB Luis González
|
0-0: Ball 1-0: Foul Ball, location: 2F 1-1: Foul Ball, location: 2F 1-2: SINGLE (Line Drive, 89S)
|
Batting: LHB Brian Easdale
|
0-0: Swinging Strike 0-1: Foul Ball, location: 2F 0-2: Foul Ball, location: 2F 0-2: Fielders Choice at 2nd, 6-4 (Groundball, 6)
|
Bottom of the 4th over - 0 runs, 1 hit, 0 errors, 1 left on base; Boston 1 - Kansas City 4 |
TOP OF THE 5TH |
Boston Rebels batting - Pitching for Kansas City Kings : LHP Carlos Tavárez
|
Batting: LHB Gabriel Aragón
|
0-0: Called Strike 0-1: Ball 1-1: Ball 2-1: Called Strike 2-2: Ball 3-2: Ground out 6-3 (Groundball, 56)
|
Batting: RHB David Rodríguez
|
0-0: Ground out 5-3 (Groundball, 25)
|
Batting: RHB Randy Simons
|
0-0: Ball 1-0: Ball 2-0: Ball 3-0: Base on Balls
|
Batting: LHB Frank Jackson
|
0-0: Ball 1-0: Ground out 4-3 (Groundball, 4)
|
Top of the 5th over - 0 runs, 0 hits, 0 errors, 1 left on base; Boston 1 - Kansas City 4 |
BOTTOM OF THE 5TH |
Kansas City Kings batting - Pitching for Boston Rebels : LHP Frank Jackson
|
Batting: SHB Douglas Taylor
|
0-0: SINGLE (Flyball, 8RS)
|
Batting: RHB Dave Parker
|
0-0: Foul Ball, location: 2F 0-1: Called Strike 0-2: Ball 1-2: Ground out U3 (Groundball, 34) Douglas Taylor to second
|
Batting: RHB Chris Chandler
|
0-0: Ball 1-0: Swinging Strike 1-1: Ball 2-1: Called Strike 2-2: Foul Ball, location: 2F 2-2: Ground out 6-3 (Groundball, 56)
|
Batting: RHB Toshimichi Kono
|
0-0: Called Strike 0-1: Ground out 6-3 (Groundball, 6)
|
Bottom of the 5th over - 0 runs, 1 hit, 0 errors, 1 left on base; Boston 1 - Kansas City 4 |
TOP OF THE 6TH |
Boston Rebels batting - Pitching for Kansas City Kings : LHP Carlos Tavárez
|
Batting: RHB Tony Long
|
0-0: Ball 1-0: Foul Ball, location: 2F 1-1: Ball 2-1: Foul Ball, location: 2F 2-2: Fly out, F7 (Flyball, 7LMF)
|
Batting: RHB Roberto Chávez
|
0-0: SINGLE (Groundball, 6MD)
|
Batting: LHB Ricardo Brandariz
|
0-0: Ball 1-0: Ball 2-0: Called Strike 2-1: Ball 3-1: Foul Ball, location: 2F 3-2: Foul Ball, location: 2F 3-2: DOUBLE (Line Drive, 9LM) Roberto Chávez to third Runner from 3rd tries for Home, SAFE, no throw
|
Batting: RHB Yaichiro Sugahara
|
0-0: Ball 1-0: Ball 2-0: Ball 3-0: Called Strike 3-1: Base on Balls
|
Batting: SHB Ismael Sánchez
|
0-0: Ball 1-0: Ball 2-0: Foul Ball, location: 2F 2-1: Ball 3-1: Called Strike 3-2: Foul Ball, location: 2F 3-2: Grounds into double play, 6-4-3 (Groundball, 6)
|
Top of the 6th over - 1 run, 2 hits, 0 errors, 1 left on base; Boston 2 - Kansas City 4 |
BOTTOM OF THE 6TH |
Kansas City Kings batting - Pitching for Boston Rebels : LHP Frank Jackson
|
Batting: RHB Eduardo García
|
0-0: Ball 1-0: Foul Ball, location: 2F 1-1: SINGLE (Groundball, 56D)
|
Batting: RHB Gregg Nelson
|
0-0: Ball 1-0: Ball 2-0: Called Strike 2-1: Ball 3-1: Base on Balls Eduardo García to second
|
Batting: LHB Ron Crawford
|
0-0: Ball 1-0: Called Strike 1-1: Foul Ball, location: 2F 1-2: Ball 2-2: Foul Ball, location: 2F 2-2: Strikes out swinging
|
Batting: LHB Luis González
|
0-0: Ball 1-0: Ground out 5-3 (Groundball, 56S) Eduardo García to third Gregg Nelson to second
|
Batting: LHB Brian Easdale
|
0-0: Ground out 5-3 (Groundball, 56)
|
Bottom of the 6th over - 0 runs, 1 hit, 0 errors, 2 left on base; Boston 2 - Kansas City 4 |
TOP OF THE 7TH |
Boston Rebels batting - Pitching for Kansas City Kings : LHP Carlos Tavárez
|
Batting: LHB Gabriel Aragón
|
0-0: Called Strike 0-1: Swinging Strike 0-2: Foul Ball, location: 2F 0-2: Strikes out looking
|
Batting: RHB David Rodríguez
|
0-0: Called Strike 0-1: Ball 1-1: Fly out, F7 (Flyball, 7)
|
Batting: RHB Randy Simons
|
0-0: Foul Ball, location: 2F 0-1: Ground out 5-3 (Groundball, 56)
|
Top of the 7th over - 0 runs, 0 hits, 0 errors, 0 left on base; Boston 2 - Kansas City 4 |
BOTTOM OF THE 7TH |
Kansas City Kings batting - Pitching for Boston Rebels : LHP Frank Jackson
|
Batting: SHB Douglas Taylor
|
0-0: Swinging Strike 0-1: Swinging Strike 0-2: Ball 1-2: SINGLE (Groundball, 25) (infield hit)
|
Batting: RHB Dave Parker
|
0-0: Called Strike 0-1: SINGLE (Groundball, 34) (infield hit) Douglas Taylor to second
|
Batting: RHB Chris Chandler
|
0-0: Called Strike 0-1: Ball 1-1: Ball 2-1: Foul Ball, location: 2F 2-2: Ball 3-2: Foul Ball, location: 2F 3-2: Strikes out swinging
|
Pitching: RHP Jesús Mendoza
|
|
Batting: RHB Toshimichi Kono
|
0-0: Foul Ball, location: 2F 0-1: Ball 1-1: SINGLE (Line Drive, 3) Douglas Taylor to third Dave Parker to second
|
Batting: RHB Eduardo García
|
0-0: Ball 1-0: Called Strike 1-1: Fly out, F9 (Line Drive, 89M) Runner from 3rd tags up, SCORES, no throw
|
Batting: RHB Gregg Nelson
|
0-0: Ground out 1-3 (Groundball, 13)
|
Bottom of the 7th over - 1 run, 3 hits, 0 errors, 2 left on base; Boston 2 - Kansas City 5 |
TOP OF THE 8TH |
Boston Rebels batting - Pitching for Kansas City Kings : LHP Carlos Tavárez
|
Pitching: RHP Vinícius Itaquy
|
|
Batting: LHB Frank Jackson
|
0-0: Called Strike 0-1: Foul Ball, location: 2F 0-2: Strikes out looking
|
Batting: RHB Tony Long
|
0-0: Swinging Strike 0-1: Ball 1-1: Ball 2-1: Foul Ball, location: 2F 2-2: Ball 3-2: Base on Balls
|
Batting: RHB Roberto Chávez
|
0-0: Ball 1-0: Foul Ball, location: 2F 1-1: Ground out 3-1 (Groundball, 3) Tony Long to second
|
Pitching: LHP Enrique Muńóz
|
|
Batting: LHB Ricardo Brandariz
|
0-0: Called Strike 0-1: Ball 1-1: SINGLE (Groundball, 6M) (infield hit) Tony Long to third
|
Pitching: RHP Alberto Bonilla
|
|
Batting: RHB Yaichiro Sugahara
|
0-0: Swinging Strike 0-1: Swinging Strike 0-2: Ball 1-2: Ball 2-2: Foul Ball, location: 2F 2-2: SINGLE (Groundball, 6D) Tony Long scores Ricardo Brandariz to second Runner from 2nd tries for 3rd, SAFE, no throw
|
Pinch Hitting: RHB Ken McDonald
|
0-0: Ball 1-0: Ground out 4-3 (Groundball, 4)
|
Top of the 8th over - 1 run, 2 hits, 0 errors, 2 left on base; Boston 3 - Kansas City 5 |
BOTTOM OF THE 8TH |
Kansas City Kings batting - Pitching for Boston Rebels : RHP Jesús Mendoza
|
Now at SS: Paco Córdova
|
|
Batting: LHB Ron Crawford
|
0-0: Fly out, F8 (Line Drive, 78M)
|
Batting: LHB Luis González
|
0-0: Ball 1-0: Called Strike 1-1: Ball 2-1: Ball 3-1: Foul Ball, location: 2F 3-2: Foul Ball, location: 2F 3-2: Strikes out swinging
|
Batting: LHB Brian Easdale
|
0-0: Called Strike 0-1: Swinging Strike 0-2: Ball 1-2: Strikes out swinging
|
Bottom of the 8th over - 0 runs, 0 hits, 0 errors, 0 left on base; Boston 3 - Kansas City 5 |
TOP OF THE 9TH |
Boston Rebels batting - Pitching for Kansas City Kings : RHP Alberto Bonilla
|
Pitching: RHP Nick Parks
|
|
Batting: LHB Gabriel Aragón
|
0-0: Ball 1-0: Ball 2-0: Swinging Strike 2-1: Ball 3-1: Swinging Strike 3-2: Base on Balls
|
Batting: RHB David Rodríguez
|
0-0: Ball 1-0: Ball 2-0: Swinging Strike 2-1: Ball 3-1: Base on Balls Gabriel Aragón to second
|
Batting: RHB Randy Simons
|
0-0: Ball 1-0: Bunted foul 1-1: Bunted foul 1-2: Strikes out looking
|
Batting: LHB Frank Jackson
|
0-0: Foul Ball, location: 2F 0-1: Called Strike 0-2: Foul Ball, location: 2F 0-2: Ball 1-2: SINGLE (Line Drive, 78M) Gabriel Aragón to third David Rodríguez to second
|
Batting: RHB Tony Long
|
0-0: Ball 1-0: Ball 2-0: Called Strike 2-1: Swinging Strike 2-2: Ball 3-2: Foul Ball, location: 2F 3-2: Strikes out swinging
|
Batting: RHB Roberto Chávez
|
0-0: Ball 1-0: Foul Ball, location: 2F 1-1: Called Strike 1-2: SINGLE (Line Drive, 56D) Gabriel Aragón scores David Rodríguez to third Frank Jackson to second Runner from 3rd tries for Home, SAFE, no throw
|
Batting: LHB Ricardo Brandariz
|
0-0: Ball 1-0: Ball 2-0: Called Strike 2-1: Foul Ball, location: 2F 2-2: Ball 3-2: DOUBLE (Flyball, 89D) Frank Jackson scores Roberto Chávez to third Roberto Chávez scores
|
Pitching: RHP Aaron Palmer
|
|
Batting: RHB Yaichiro Sugahara
|
0-0: Fly out, F6 (Line Drive, 6)
|
Top of the 9th over - 4 runs, 3 hits, 0 errors, 1 left on base; Boston 7 - Kansas City 5 |
BOTTOM OF THE 9TH |
Kansas City Kings batting - Pitching for Boston Rebels : RHP Jesús Mendoza
|
Pitching: LHP Keith Hill
|
|
Batting: SHB Douglas Taylor
|
0-0: Fly out, F4 (Popup, 34S)
|
Batting: RHB Dave Parker
|
0-0: Called Strike 0-1: SINGLE (Groundball, 6M) (infield hit)
|
Batting: RHB Chris Chandler
|
0-0: Ball 1-0: Foul Ball, location: 2F 1-1: Reached on error, E5 (Groundball, 56S) Dave Parker to third
|
Batting: RHB Toshimichi Kono
|
0-0: Ball 1-0: DOUBLE (Line Drive, 7LM) Dave Parker scores Chris Chandler scores
|
Batting: RHB Eduardo García
|
0-0: Called Strike 0-1: Ball 1-1: Foul Ball, location: 2F 1-2: DOUBLE (Flyball, 8LXD) Toshimichi Kono scores
|
Saturday, April 7th, 2018 - OOTP Baseball 18.8 Build 76
|
|